 Dungeon Crawl Stone Soup version 0.20-a0-256-gabb291d (webtiles) character file.

404 roflturtle the Conjurer (level 6, -3/32 HPs)
             Began as a Tengu Air Elementalist on Dec 2, 2016.
             Slain by gressup's ghost (9 damage)
             ... on level 4 of the Dungeon.
             The game lasted 00:17:00 (3291 turns).

roflturtle the Conjurer (Tengu Air Elementalist)    Turns: 3291, Time: 00:17:01

Health: -3/32      AC:  4    Str:  9    XL:     6   Next: 86%
Magic:  7/12       EV: 12    Int: 17    God:
Gold:   141        SH:  0    Dex: 14    Spells: 7/12 levels left

rFire  . . .     SeeInvis .     h - +0 dagger
rCold  . . .     Gourm    .     a - +0 robe
rNeg   . . .     Faith    .     (no shield)
rPois  .         Spirit   .     (helmet restricted)
rElec  .         Reflect  .     (no cloak)
rCorr  .         Harm     .     r - +1 pair of gloves
MR     .....                    (boots unavailable)
Stlth  ++........               p - amulet of magic regeneration
                                (no ring)
                                (no ring)

@: lethally poisoned (-3 -> -21), swift, quick
A: beak, talons 3, able to fly 1
a: Fly


You were on level 4 of the Dungeon.
You were not hungry.

You visited 1 branch of the dungeon, and saw 4 of its levels.
You also visited: Sewer.

You collected 141 gold pieces.

Inventory:

Hand Weapons
 h - a +0 dagger (weapon)
Armour
 a - a +0 robe (worn)
 r - a +1 pair of gloves (worn)
Jewellery
 p - an amulet of magic regeneration (around neck)
 s - a cursed -3 ring of dexterity {unknown}
 y - an uncursed ring of flight {unknown}
Scrolls
 d - 5 scrolls of identify {unknown}
 i - 2 scrolls of immolation {unknown}
 j - 3 scrolls of teleportation {unknown}
 k - a scroll of noise {unknown}
 o - a scroll of recharging {unknown}
 q - a scroll of enchant armour {unknown}
Potions
 e - 2 potions of cure mutation {unknown}
 f - a potion of cancellation {unknown}
 g - 3 potions of lignification {unknown}
 m - a potion of mutation {unknown}
 u - 3 potions of heal wounds {unknown}
 v - a potion of resistance {unknown}
 w - a potion of degeneration {unknown}
 x - 2 potions of flight {unknown}
Books
 b - a book of Air

   Spells                             Type                      Level
   a - Shock                          Conjuration/Air              1
   b - Swiftness                      Charms/Air                   2
   c - Repel Missiles                 Charms/Air                   2
   d - Static Discharge               Conjuration/Air              3
   e - Lightning Bolt                 Conjuration/Air              5
Comestibles
 c - 3 bread rations
 l - a slice of pizza
 n - a beef jerky
 t - 2 meat rations
 z - 2 chunks of flesh


   Skills:
 - Level 2.1 Dodging
 - Level 2.0 Stealth
 + Level 3.9 Spellcasting
 - Level 6.0 Conjurations
 - Level 6.0 Air Magic


You had 7 spell levels left.
You knew the following spells:

 Your Spells              Type           Power        Failure   Level  Hunger
a - Shock                 Conj/Air       ###.         1%          1    None
b - Swiftness             Chrm/Air       ##......     10%         2    ##.....
c - Repel Missiles        Chrm/Air       ##....       10%         2    ##.....


Dungeon Overview and Level Annotations

Branches:
Dungeon (4/15)
 Temple: D:4-7

Altars:
Elyvilon

Shops:
D:4 }

Annotations:
D:4 gressup's ghost, novice DrSk


Innate Abilities, Weirdness & Mutations

You have a beak for a mouth.
You have claws for feet.
You can fly.


Message History

Confirm with . or Enter, or press ? or * to list all spells.
Aiming: Shock
Press: ? - help, Shift-Dir - straight line The zap hits gressup's ghost.
Gressup's ghost is moderately damaged.
The zap hits gressup's ghost.
Gressup's ghost appears unharmed.
Gressup's ghost is moderately damaged.
You feel sick.
The quokka twitches its whiskers.
The quokka barely misses you. Gressup's ghost hits you!
* * * LOW HITPOINT WARNING * * *
You are lethally poisoned!
The quokka bites you.
* * * LOW HITPOINT WARNING * * *
Casting: Shock
Confirm with . or Enter, or press ? or * to list all spells.
You feel quick.
* * * LOW HITPOINT WARNING * * *
You feel sick. The quokka closely misses you. Gressup's ghost hits you!
You die...

...................#......
...................#######
..........................
.......................... #####
.......................... #...#
..........................
#...#########'#########'#.......
#.............W.........#.......
#.)...........r@........######..
#............................#..
###'#########...##'##...##...# .
#...##.....##...##.##...##...#
#..........#........#...#....#
#..........#........#...#....#
#..........#.)......#...#....#
##############################


You could see gressup's ghost and a quokka.

Vanquished Creatures
  A big kobold (Sewer)
  A hound (D:4)
  A worker ant (D:4)
  An orc wizard (D:3)
  4 gnolls (D:3)
  7 adders
  3 oozes
  4 worms
  5 dart slugs
  8 leopard geckos
  7 orcs (D:3)
  8 giant cockroaches
  3 goblins
  11 hobgoblins
  8 jackals
  14 kobolds
  3 quokkas
  A ball python (D:2)
  10 bats
  6 frilled lizards
  7 rats
113 creatures vanquished.

Notes
Turn   | Place    | Note
-------+----------+-------------------------------------------
     0 | D:1      | roflturtle the Tengu Air Elementalist began the quest for the Orb.
     0 | D:1      | Reached XP level 1. HP: 10/10 MP: 4/4
    72 | D:1      | Reached XP level 2. HP: 15/15 MP: 1/6
   408 | D:1      | Reached XP level 3. HP: 19/19 MP: 5/7
  1326 | D:2      | Reached XP level 4. HP: 22/24 MP: 5/8
  1357 | D:2      | Reached skill level 5 in Air Magic
  1820 | D:2      | Reached skill level 5 in Conjurations
  1930 | D:2      | Gained mutation: You can fly. [Tengu growth]
  1930 | D:2      | Reached XP level 5. HP: 28/28 MP: 6/9
  2086 | D:3      | Found a white marble altar of Elyvilon.
  2227 | D:3      | Learned a level 2 spell: Swiftness
  2230 | D:3      | Learned a level 2 spell: Repel Missiles
  2527 | D:3      | Reached XP level 6. HP: 32/32 MP: 7/10
  2533 | D:3      | Found a glowing drain.
  2558 | Sewer    | Entered a sewer
  2699 | Sewer    | Found a white marble altar of Elyvilon.
  3180 | D:4      | Found Keutan's Gadget Boutique.
  3283 | D:4      | Noticed gressup's ghost (novice DrSk)
  3291 | D:4      | Slain by gressup's ghost

Vault maps used:
D:1:      nicolae_arrival_washed_ashore
D:2:      minmay_diamond_boxcup
D:3:      portal_sewer_entry_f, elyvilon_altar_4
D:4:      serial_shops, nicolae_shop_behind_doors, first_bread
Sewer:    sewer_kobolds

Skill      XL: |  1  2  3  4  5  6 |
---------------+-------------------+-----
Conjurations   | 2 3 4 5 6 |  6.0
Air Magic      | 5 6 |  6.0
Spellcasting   | 3 |  3.9
Dodging        | |  2.1
Stealth        | |  2.0

Action                   |  1- 3 |  4- 6 || total
-------------------------+-------+-------++-------
Melee: Unarmed           |    22 |       ||    22
       Peck              |     2 |     4 ||     6
       Kick              |     2 |     6 ||     8
       Dagger            |     4 |    36 ||    40
 Cast: Shock             |    59 |   178 ||   237
       Swiftness         |       |     1 ||     1
 Stab: Sleeping          |       |     2 ||     2
  Eat: Chunk             |     2 |     9 ||    11
Armor: Robe              |     3 |    21 ||    24
Dodge: Dodged            |    33 |    42 ||    75
